 Dungeon Crawl Stone Soup version 0.31-a0-1237-gabc64e778c (webtiles) character file.

Game seed: 9995998597482628606

2737 Maratek the Blocker (level 9, -5/82 HPs)
             Began as a Minotaur Fighter on Dec 15, 2023.
             Was a Believer of Okawaru.
             Slain by an orc warrior
             ... wielding a +0 glaive
              (9 damage)
             ... on level 8 of the Dungeon.
             The game lasted 00:09:44 (5816 turns).

Maratek the Blocker (Minotaur Fighter)              Turns: 5816, Time: 00:09:45

Health: -5/82      AC: 20    Str: 23    XL:     9   Next: 40%
Magic:  0/8        EV:  8    Int:  7    God:    Okawaru [**....]
Gold:   347        SH:  5    Dex: 10    Spells: 8/8 levels left

rFire   . . .        a - +0 war axe
rCold   . . .        c - +0 buckler
rNeg    . . .        g - +2 chain mail
rPois   .            (helmet restricted)
rElec   .            (no cloak)
rCorr   .            (no gloves)
SInv    .            h - +2 pair of boots
Will    .....        m - amulet of guardian spirit Stlth
                     s - +4 ring of protection
HPRegen 0.33/turn    (no ring)
MPRegen 0.11/turn

%: guardian spirit
@: no status effects
A: horns 2, retaliatory headbutt
a: Renounce Religion, Heroism


You were on level 8 of the Dungeon.
You worshipped Okawaru.
Okawaru was pleased with you.
You visited 2 branches of the dungeon, and saw 9 of its levels.

You collected 347 gold pieces.

Inventory:

Hand Weapons
 a - a +0 war axe (weapon)
Armour
 c - a +0 buckler (worn)
 g - a +2 chain mail (worn)
 h - a +2 pair of boots (worn)
Jewellery
 k - an amulet of magic regeneration
 m - an amulet of guardian spirit (around neck)
 s - a +4 ring of protection (left hand)
Wands
 e - a wand of flame (36)
 j - a wand of polymorph (11)
 r - a wand of light (12)
Scrolls
 u - a scroll of poison
Potions
 b - a potion of attraction {unknown}
 d - 3 potions of enlightenment
 i - a potion of brilliance {unknown}
 l - 2 potions of resistance {unknown}
 n - 2 potions of heal wounds {unknown}
 o - a potion of degeneration {unknown}
 p - 5 potions of curing {unknown}
 t - a potion of haste {unknown}


   Skills:
 + Level 8.5 Fighting
 + Level 8.1 Axes
 + Level 8.6 Armour
 + Level 8.6 Shields


You had 8 spell levels left.
You didn't know any spells.
Your spell library contained the following spells:

 Spells                   Type           Power      Damage    Failure   Level
 Dazzling Flash           Conj/Hex       0%         N/A       100%        3
 Agony                    Necr           0%         N/A       100%        5
 Silence                  Hex/Air        0%         N/A       100%        5


Dungeon Overview and Level Annotations

Branches:
Dungeon (8/15)             Temple (1/1) D:4
   Lair: D:8-11

Altars:
Ashenzari
Cheibriados
Dithmenos
Elyvilon
Fedhas
Gozag
Hepliaklqana
Kikubaaqudgha
Makhleb
Nemelex Xobeh
Okawaru
Qazlal
Ru
Sif Muna
Trog
Vehumet
Wu Jian
Xom
Yredelemnul
Zin
The Shining One

Annotations:
D:2 1 runed translucent door, Crazy Yiuf
D:5 2 transporters, Tenar's ghost, amateur DsEE
D:6 Jeremiah


Innate Abilities, Weirdness & Mutations

You have a pair of horns on your head.
You reflexively headbutt those who attack you in melee.


Message History

The arrow hits you!
* * * LOW HITPOINT WARNING * * *
There is an open door, spattered with blood here.
You hit the yak.
The yak is lightly wounded.
An orc wizard comes into view. It is wielding a +0 dagger.
The yak gores you!
* * * LOW HITPOINT WARNING * * *
The orc wizard shouts!
You slash the yak! You headbutt the yak.
The yak is moderately wounded.
You hear a shout!
You hear a bellow!
You hear a shout!
The orc wizard casts a spell.
The orc wizard flickers and vanishes!
Deactivating autopickup; reactivate with Ctrl-A.
The centaur warrior shoots an arrow.
The arrow hits you but does no damage.
You hear a bellow! x2
You slash the yak!
The yak is severely wounded.
You hear a shout!
A yak comes into view.
The yak gores you.
* * * LOW HITPOINT WARNING * * *
You slash the yak!
The yak is almost dead.
You slash the yak! The yak gores you but does no damage.
A gnoll comes into view. It is wielding a +0 club.
The orc warrior hits you but does no damage.
A yak comes into view.
The yak gores you but does no damage.
You hit the yak but do no damage. Your headbutt misses the yak.
The yak is almost dead.
You barely miss the yak. The yak gores you.
* * * LOW HITPOINT WARNING * * *
The orc warrior hits you but does no damage.
You hear some strange, mumbled words.
Something tries to affect you, but you resist.
The yak gores you but does no damage.
The orc warrior hits you from afar with a +0 glaive!
You die...

#'#.#.§§........#.#+#
###...##§§§....).##...###
#.....§§§§§.o.Y).'......#
#.....o##§§....)##......#
.#.......#§§...g.#.......#
.'.......####Y####.†.....+
.#.?.....#.......#.......#
#....Yo##.......##......#
#.....cY@........'......#
###...##Y........##...###
#+#. .....).....#.#+#
#####.......#####
#+#...#'#.# #####...##
#......+ #......##
#.......#


You could see a centaur warrior, 4 yaks, an orc warrior and a gnoll.

Vanquished Creatures
  A cyclops (D:7)
  Grinder (D:3)
  Sigmund (D:3)
  A wyvern (D:8)
  A water moccasin (D:6)
  2 orc warriors
  A sky beast (D:8)
  3 ogres
  2 phantoms (D:5)
  A kobold brigand (D:8)
  A scorpion (D:5)
  5 killer bees (D:8)
  A howler monkey (D:5)
  2 hounds
  2 gnoll boudas
  2 jellies
  An iguana (D:5)
  4 orc wizards
  Ijyb (D:3)
  Robin (D:2)
  9 gnolls
  8 adders
  A white imp (D:5)
  3 worms
  5 dart slugs
  17 orcs
  6 ball pythons
  6 endoplasms
  2 giant cockroaches
  14 hobgoblins
  8 jackals
  A quokka (D:3)
  8 bats
  5 frilled lizards
  16 goblins
  16 kobolds
  3 rats (D:1)
162 creatures vanquished.

Vanquished Creatures (others)
  An orc (D:8)
1 creature vanquished.

Grand Total: 163 creatures vanquished

Notes
Turn   | Place    | Note
-------+----------+-------------------------------------------
     0 | D:1      | Maratek the Minotaur Fighter began the quest for the Orb.
     0 | D:1      | Reached XP level 1. HP: 19/19 MP: 0/0
   226 | D:1      | Reached XP level 2. HP: 27/27 MP: 1/1
   445 | D:1      | Reached XP level 3. HP: 33/33 MP: 2/2
   725 | D:1      | Found a faded altar of an unknown god.
   962 | D:2      | Noticed Robin
   979 | D:2      | Killed Robin
  1088 | D:2      | Reached XP level 4. HP: 41/41 MP: 3/3
  1263 | D:2      | Noticed an ogre
  1268 | D:2      | Killed an ogre
  1269 | D:2      | Reached XP level 5. HP: 40/47 MP: 4/4
  1850 | D:2      | Found a runed translucent door.
  1851 | D:2      | Noticed Crazy Yiuf
  2168 | D:3      | Noticed Grinder
  2171 | D:3      | Paralysed by Grinder for 2 turns
  2183 | D:3      | Paralysed by Grinder for 2 turns
  2188 | D:3      | Killed Grinder
  2189 | D:3      | Reached skill level 5 in Fighting
  2189 | D:3      | Reached skill level 5 in Armour
  2189 | D:3      | Reached skill level 5 in Shields
  2189 | D:3      | Reached XP level 6. HP: 23/56 MP: 1/5
  2444 | D:3      | Noticed Sigmund
  2458 | D:3      | Killed Sigmund
  2459 | D:3      | Reached skill level 5 in Axes
  2459 | D:3      | Reached XP level 7. HP: 56/62 MP: 4/6
  2466 | D:3      | Identified the +0 robe "Ucruugea" {Will++}
  2679 | D:3      | Noticed Ijyb
  2686 | D:3      | Killed Ijyb
  3340 | D:4      | Found a staircase to the Ecumenical Temple.
  3451 | Temple   | Entered the Ecumenical Temple
  3466 | Temple   | Became a worshipper of Warmaster Okawaru
  3660 | D:4      | Found a basalt altar of Yredelemnul.
  3730 | D:5      | Entered Level 5 of the Dungeon
  3793 | D:5      | Reached XP level 8. HP: 61/71 MP: 7/7
  4008 | D:5      | Found a transporter.
  4010 | D:5      | Noticed Tenar's ghost (amateur DsEE)
  4030 | D:5      | Reached * piety under Okawaru
  4099 | D:5      | Found an ancient bone altar of Kikubaaqudgha.
  4305 | D:5      | Found a transporter.
  4333 | D:5      | Found a basalt altar of Yredelemnul.
  4597 | D:5      | Found a sparkling altar of Nemelex Xobeh.
  4597 | D:5      | Found a shadowy altar of Dithmenos.
  4604 | D:5      | Found a broken altar of Ashenzari.
  4606 | D:5      | Found a faded altar of an unknown god.
  4608 | D:5      | Found a faded altar of an unknown god.
  5038 | D:6      | Found a glowing silver altar of Zin.
  5038 | D:6      | Found a white marble altar of Elyvilon.
  5038 | D:6      | Found a glowing golden altar of the Shining One.
  5063 | D:6      | Noticed Jeremiah
  5314 | D:7      | Noticed a cyclops
  5314 | D:7      | Noticed a troll
  5314 | D:7      | Noticed a troll
  5314 | D:7      | Noticed a troll
  5316 | D:7      | Noticed a purple ugly thing
  5319 | D:7      | Killed a cyclops
  5319 | D:7      | Reached ** piety under Okawaru
  5319 | D:7      | Noticed a kobold demonologist
  5320 | D:7      | Reached XP level 9. HP: 43/81 MP: 5/8
  5320 | D:7      | Noticed a deep elf pyromancer
  5787 | D:8      | Noticed a centaur warrior
  5816 | D:8      | HP: 4/82 [yak (3)]
  5816 | D:8      | Slain by an orc warrior

Illustrated notes

Levels and vault maps discovered:
D:1:      lightli_arrival_farm, layout_basic,
          shapermc_ecumenical_altar_mp_vishouse, due_unseen_surprise
D:2:      layout_basic, uniq_crazy_yiuf_cottage, uniq_robin
D:3:      kennysheep_goblin_castle, layout_rooms, uniq_grinder, uniq_sigmund
D:4:      layout_rooms, minmay_temple_entry_arrows, kennysheep_small_circle
D:5:      layout_basic, kiku_gazebo_garden_becter, mainiacjoe_overflow_alcove_1,
          chequers_temple_overflow_minitemple, gammafunk_ghost_stat_death,
          abandoned_shop
D:6:      layout_rooms, dreamdust_divine_triumvirate,
          eat_drink_and_be_merry_uskayaw, serial_library,
          serial_library_hellmonk_u_bend, serial_library_hellmonk_hallway_b,
          serial_library_regret_index_branch_corner,
          serial_library_hellmonk_secret_room,
          serial_library_regret_index_split_case,
          serial_library_hellmonk_hallway_b,
          serial_library_hellmonk_reading_circle, uniq_eustachio, uniq_duvessa,
          uniq_jeremiah
D:7:      layout_basic, serial_shops, kennysheep_mini, minmay_the_grid_2x2
          [minmay_the_grid_embedded, minmay_the_grid_tri_star,
          minmay_the_grid_all_tris,
          minmay_the_grid_prize_four_corners_diamond_b], uniq_joseph
D:8:      nicolae_cairo_tiling_very_big, layout_rooms, kennysheep_potato
Temple:   cyrus_circular_temple

Skill      XL: |  1  2  3  4  5  6  7  8  9 |
---------------+----------------------------+-----
Fighting       | 4 5 6 7 8 |  8.5
Armour         | 4 5 6 8 |  8.6
Shields        | 4 5 6 8 |  8.6
Axes           | 3 4 5 6 7 8 |  8.1

Action                     |  1- 3 |  4- 6 |  7- 9 || total
---------------------------+-------+-------+-------++-------
  Melee: War axe           |    74 |    78 |   248 ||   400
         Headbutt          |    10 |     8 |    50 ||    68
  Evoke: Wand              |       |       |     3 ||     3
    Use: Scroll            |     2 |     1 |    16 ||    19
         Potion            |       |     2 |       ||     2
 Armour: Scale mail        |    52 |    57 |    23 ||   132
         Skin              |       |     6 |       ||     6
         Chain mail        |       |       |   246 ||   246
  Dodge: Dodged            |    46 |    38 |    99 ||   183
  Block: Buckler           |    21 |    20 |    74 ||   115

Table legend: (Time is in decaauts)
 A = Elapsed time spent in this place.
 B = Non-inter-level travel time spent in this place.
 C = Inter-level travel time spent in this place.
 D = Time resting spent in this place.
 E = Time spent auto-exploring this place.
 F = Levels seen in this place.
 G = Mean time per level.
                   A        B        C        D        E       F      G
               +--------+--------+--------+--------+--------+-----+--------+
         Total |   5935 |   5670 |    265 |    759 |   3862 |   9 |  659.4 |
       Dungeon |   5905 |   5668 |    237 |    759 |   3862 |   8 |  738.1 |
        Temple |     30 |      2 |     28 |      0 |      0 |   1 |   30.0 |
               +--------+--------+--------+--------+--------+-----+--------+

Top non-repeatable levels by time:
     D:2: 1069 daAuts
     D:5: 1063 daAuts
     D:1: 1001 daAuts
     D:3: 952 daAuts
     D:4: 767 daAuts
     D:8: 493 daAuts
     D:6: 327 daAuts
     D:7: 229 daAuts
  Temple: 30 daAuts
